 Dungeon Crawl Stone Soup version 0.22-a0-159-g7ce444f (webtiles) character file.

277 KristoblXynda the Slasher (level 6, -5/48 HPs)
             Began as a Draconian Gladiator on Feb 9, 2018.
             Was a Follower of Uskayaw.
             Slain by an ogre
             ... wielding a +0 giant club
              (31 damage)
             ... on level 4 of the Dungeon.
             The game lasted 00:04:39 (2523 turns).

KristoblXynda the Slasher (Draconian Gladiator)     Turns: 2523, Time: 00:04:40

Health: -5/48      AC:  6    Str: 16    XL:     6   Next: 4%
Magic:  6/6        EV: 13    Int: 11    God:    Uskayaw [*.....]
Gold:   157        SH:  0    Dex: 12    Spells: 5/5 levels left

rFire    . . .     SeeInvis .   a - +0 long sword
rCold    . . .     Gourm    .   (no shield)
rNeg     . . .     Faith    .   (armour unavailable)
rPois    .         Spirit   .   b - +0 hat
rElec    .         Reflect  .   (no cloak)
rCorr    .         Harm     .   (no gloves)
MR       .....                  (no boots)
Stlth    +.........             (no amulet)
HPRegen  0.16/turn              (no ring)
MPRegen  0.10/turn              (no ring)

@: no status effects
A: unfitting armour, cold-blooded, AC +6
a: Stomp, Renounce Religion


You were on level 4 of the Dungeon.
You worshipped Uskayaw.
Uskayaw was noncommittal.
You were not hungry.

You visited 1 branch of the dungeon, and saw 4 of its levels.

You collected 157 gold pieces.

Inventory:

Hand Weapons
 a - a +0 long sword (weapon)
Missiles
 c - 2 throwing nets (quivered)
Armour
 b - a +0 hat (worn)
 s - a +0 shield
Jewellery
 p - an uncursed ring of ice {unknown}
Scrolls
 g - 3 scrolls of identify {unknown}
 h - 3 scrolls of remove curse {unknown}
 j - a scroll of magic mapping {unknown}
 l - a scroll of enchant armour {unknown}
 m - 2 scrolls of enchant weapon {unknown}
 n - a scroll of fog {unknown}
 o - a scroll of random uselessness {unknown}
 q - a scroll of teleportation {unknown}
Potions
 e - a potion of heal wounds {unknown}
 f - a potion of cancellation {unknown}
 i - a potion of curing {unknown}
 k - a potion of haste {unknown}
 r - a potion of resistance {unknown}
 t - a potion of lignification {unknown}
Comestibles
 d - 6 rations


   Skills:
 - Level 2.1 Fighting
 * Level 5.2 Long Blades
 - Level 3.0 Throwing
 + Level 4.0 Dodging


You had 5 spell levels left.
You didn't know any spells.

Dungeon Overview and Level Annotations

Branches:
Dungeon (4/15)
 Temple: D:4-7

Altars:
Hepliaklqana
Makhleb
Trog
Uskayaw


Innate Abilities, Weirdness & Mutations

Your plain brown scales are hard. (AC +6)
You cannot fit into any form of body armour.
You are cold-blooded and may be slowed by cold attacks.


Message History

The ogre shouts!
An ogre is nearby!
An ogre is nearby!
An ogre is nearby!
The ogre barely misses you.
A quokka skeleton comes into view.
The ogre hits you with a giant club.
You hit the ogre.
Your tail-slap misses the ogre.
The ogre is lightly wounded.
The ogre hits you with a giant club!
You slash the ogre!
The ogre is moderately wounded.
The ogre closely misses you.
You riposte.
You hit the ogre.
The ogre is heavily wounded.
You can now stomp with the beat.
You slash the ogre!
The ogre is severely wounded.
The ogre hits you with a giant club!!
Ouch! That really hurt!
You die...

.....# #.#.########....#
.....###.#.# ....#
.....'...#.# ......
.....##..#.########...###
.........#.#..........#
.........#.'...........
.....##..###........#
.....##..#.+....O.###
####.##..#.#....@Z##.
#.##..#.#.......>....
#.##....#............
#.###.###........###.
#.###............#
#.....[...<#.......
############........
...##.... .


You could see an ogre and a quokka skeleton.

Vanquished Creatures
  An ogre (D:2)
  A scorpion (D:3)
  A hound (D:2)
  3 adders
  4 worms
  A dart slug (D:1)
  6 leopard geckos
  3 orcs (D:3)
  3 giant cockroaches
  9 goblins
  5 hobgoblins
  4 jackals (D:1)
  5 kobolds
  2 quokkas
  2 ball pythons
  4 bats (D:1)
  5 frilled lizards
  8 rats
67 creatures vanquished.

Notes
Turn   | Place    | Note
-------+----------+-------------------------------------------
     0 | D:1      | KristoblXynda the Draconian Gladiator began the quest for the Orb.
     0 | D:1      | Reached XP level 1. HP: 17/17 MP: 1/1
   145 | D:1      | Reached XP level 2. HP: 17/24 MP: 2/2
   391 | D:1      | Reached XP level 3. HP: 24/29 MP: 3/3
   934 | D:2      | Reached XP level 4. HP: 22/36 MP: 4/4
  1062 | D:2      | Noticed an ogre
  1072 | D:2      | Killed an ogre
  1072 | D:2      | Reached skill level 4 in Long Blades
  1072 | D:2      | Reached XP level 5. HP: 39/41 MP: 5/5
  1176 | D:3      | Reached skill level 5 in Long Blades
  1507 | D:3      | HP: 1/41 [worm (6)]
  2164 | D:3      | Reached XP level 6. HP: 42/48 MP: 6/6
  2436 | D:4      | Found a hazy altar of Hepliaklqana.
  2436 | D:4      | Found a bloodstained altar of Trog.
  2443 | D:4      | Found a burning altar of Makhleb.
  2446 | D:4      | Found a hide-covered altar of Uskayaw.
  2448 | D:4      | Found a faded altar of an unknown god.
  2458 | D:4      | Became a worshipper of Uskayaw the Reveler
  2522 | D:4      | Reached * piety under Uskayaw
  2523 | D:4      | Slain by an ogre

Vault maps used:
D:1:      dpeg_arrival_radiant, minmay_unequal
D:2:      first_ration
D:3:      cheibrodos_helix_gallery, hex_large
D:4:      chequers_temple_overflow_minitemple,
          minmay_temple_entry_statues_pillars

Skill      XL: |  1  2  3  4  5 |
---------------+----------------+-----
Throwing       | 2 3 |  3.0
Dodging        | 3 4 |  4.0
Long Blades    | 4 5 |  5.2
Fighting       | |  2.1

Action                   |  1- 3 |  4- 6 || total
-------------------------+-------+-------++-------
Melee: Long sword        |    95 |   113 ||   208
       Tailslap          |    17 |    13 ||    30
Throw: Throwing net      |       |     1 ||     1
 Stab: Held in net/web   |       |     2 ||     2
  Eat: Ration            |       |     2 ||     2
Armor: Skin              |    31 |    30 ||    61
Dodge: Dodged            |   108 |    85 ||   193
       Rpst.: Long sword |    39 |    32 ||    71

Table legend:
 A = Spawn XP
 B = Non-spawn XP
 C = Spawn XP percentage of total XP
 D = Spawn monster count
 E = Non-spawn monster count
 F = Spawn count percentage of total count
 G = Total turns spent on level
                    A         B        C        D         E        F      G
               +---------+---------+-------+---------+---------+-------+---------
         Total |       0 |     397 |   0.0 |       0 |      67 |   0.0 |  2523
               +---------+---------+-------+---------+---------+-------+---------
           D:1 |       0 |      49 |   0.0 |       0 |      27 |   0.0 |   484
           D:2 |       0 |     206 |   0.0 |       0 |      16 |   0.0 |   833
           D:3 |       0 |     137 |   0.0 |       0 |      21 |   0.0 |  1046
           D:4 |       0 |       5 |   0.0 |       0 |       3 |   0.0 |   160
               +---------+---------+-------+---------+---------+-------+---------
